 Dungeon Crawl Stone Soup version 0.21.1-1-g345015f (webtiles) character file.

64 shakethe the Chopper (level 3, -1/28 HPs)
             Began as a Demonspawn Gladiator on Feb 27, 2018.
             Slain by an orc (5 damage)
             ... on level 3 of the Dungeon.
             The game lasted 00:01:02 (1624 turns).

shakethe the Chopper (Demonspawn Gladiator)         Turns: 1624, Time: 00:01:03

Health: -1/28      AC:  5    Str: 14    XL:     3   Next: 91%
Magic:  3/3        EV: 13    Int: 10    God:
Gold:   100        SH:  0    Dex: 16    Spells: 2/2 levels left

rFire    . . .     SeeInvis .   a - +0 war axe
rCold    . . .     Gourm    .   (no shield)
rNeg     . . .     Faith    .   b - +0 leather armour
rPois    .         Spirit   .   c - +0 helmet
rElec    .         Reflect  .   g - +0 cloak
rCorr    .         Harm     .   (no gloves)
MR       .....                  (no boots)
Stlth    ++........             p - amulet of rage {+Rage, !d}
HPRegen  0.09/turn              (no ring)
MPRegen  0.08/turn              (no ring)

@: no status effects
A: thin skeletal structure 1
a: Evoke Berserk Rage


You were on level 3 of the Dungeon.
You were very hungry.

You visited 1 branch of the dungeon, and saw 3 of its levels.

You collected 100 gold pieces.

Inventory:

Hand Weapons
 a - a +0 war axe (weapon)
Missiles
 d - 3 throwing nets {=f, !d}
Armour
 b - a +0 leather armour (worn)
 c - a +0 helmet (worn)
 g - a +0 cloak (worn)
   (You found it on level 1 of the Dungeon)
Jewellery
 p - an amulet of rage (around neck) {+Rage, !d}
   (You found it on level 2 of the Dungeon)
Scrolls
 e - 5 scrolls of identify {unknown}
 j - a scroll of fear {unknown}
 l - a scroll of blinking {unknown}
 m - 5 scrolls of teleportation {unknown}
 n - a scroll of remove curse {unknown}
Potions
 h - a potion of might {unknown}
 i - 2 potions of degeneration {unknown}
 k - a potion of haste {unknown}
 o - a potion of curing {unknown}
Comestibles
 f - 2 rations


   Skills:
 + Level 2.9 Fighting
 * Level 3.9 Axes
 - Level 1.7 Throwing
 - Level 2.6 Dodging


You had 2 spell levels left.
You didn't know any spells.

Dungeon Overview and Level Annotations

Branches:
Dungeon (3/15)

Altars:
Ashenzari


Innate Abilities, Weirdness & Mutations

You have a somewhat thin skeletal structure. (Dex +2, Stealth)


Message History

You see here 30 bolts.
You open the door.
A frilled lizard comes into view.
The frilled lizard hisses angrily.
There is an open door here.
The frilled lizard barely misses you.
You barely miss the frilled lizard.
The frilled lizard bites you but does no damage.
A frilled lizard is nearby!
A frilled lizard is nearby!
A frilled lizard is nearby!
You barely miss the frilled lizard.
The frilled lizard bites you but does no damage.
You hit the frilled lizard. The frilled lizard closely misses you.
The frilled lizard barely misses you.
You are feeling very hungry.
You closely miss the frilled lizard. The frilled lizard bites you.
You take 3 damage, and have 25/28 hp.
You miss the frilled lizard. The frilled lizard barely misses you.
You closely miss the frilled lizard. The frilled lizard misses you.
The frilled lizard bites you.
You take 2 damage, and have 23/28 hp.
You barely miss the frilled lizard.
The frilled lizard bites you but does no damage.
You hit the frilled lizard.
You kill the frilled lizard!
p - a thick lapis lazuli amulet No target in view!
No target in view!
No target in view!
No target in view!
No target in view!
No target in view!
No target in view!
m - 5 scrolls labeled ZEZUM FAZO (gained 1) Done exploring.
No target in view!
Done exploring.
No target in view!
Done exploring.
Done exploring.
No target in view!
Done exploring.
You start putting on your armour.
You continue putting on your cloak. x4
You finish putting on your +0 cloak.
p - an amulet of rage (around neck) Done exploring.
No target in view!
No target in view!
No target in view!
No target in view!
No target in view!
Done exploring.
(D) Dungeon
Where to? (Enter - D:2, ? - help)
There is an open door here.
There is a stone staircase leading down here.
You climb downwards.
There is a stone staircase leading up here.
Health restored: 28 You now have 100 gold pieces (gained 9).
An orc comes into view. It is wielding a hand axe.
The orc shouts!
You hear a shout!
An orc comes into view.
The orc moves out of view.
An orc comes into view.
The orc shouts!
You slash the orc!
You kill the orc!
The orc throws a tomahawk.
The tomahawk misses you.
The orc throws a tomahawk.
The tomahawk hits you. 2 orcs come into view.
You see here a hand axe.
The orc shouts! x2
You closely miss the orc. The orc closely misses you.
You slash the orc!
You kill the orc!
The orc throws a tomahawk.
The tomahawk misses you.
You hit the orc. The orc completely misses you. The orc closely misses you.
You barely miss the orc.
The orc hits you from afar with a trident.
The orc hits you.
You closely miss the orc. You hit the orc. The orc hits you but does no damage.
The orc hits you.
The orc hits you from afar with a trident!
The orc hits you with a club.
You are too injured to fight recklessly!
You are too injured to fight recklessly!
You are too injured to fight recklessly!
You are too injured to fight recklessly!
You take 18 damage, and have 10/28 hp.
MASSIVE DAMAGE!!
You closely miss the orc. You hit the orc.
You kill the orc!
The orc closely misses you. The orc hits you but does no damage.
You hit the orc. The orc misses you.
The orc hits you from afar with a trident.
* * * LOW HITPOINT WARNING * * *
The orc hits you.
You die...

#. . .. .# ..# #.#
####.# ..# #.# ###....##
..# #.###...#...##. ..#
#.##........... ..#
#.(..()@o...... ..#
###...#...)o.....
..######.....#...#......
...........#.#.#.#...#.#
.#####.#.#.#.#.#.# .....
...........#.#.#.# ##...
########.#.#.#.#.# ...
...........#.#.#.. ..
.#####...#.#.#.#


You could see 2 orcs.

Vanquished Creatures
  An adder (D:2)
  An ooze (D:2)
  3 dart slugs
  2 leopard geckos (D:2)
  3 orcs (D:3)
  A goblin (D:1)
  7 hobgoblins
  3 jackals (D:2)
  5 kobolds
  A ball python (D:2)
  4 bats
  A frilled lizard (D:2)
  8 rats
40 creatures vanquished.

Notes
Turn   | Place    | Note
-------+----------+-------------------------------------------
     0 | D:1      | shakethe the Demonspawn Gladiator began the quest for the Orb.
     0 | D:1      | Reached XP level 1. HP: 16/16 MP: 1/1
   161 | D:1      | Reached skill level 3 in Axes
   193 | D:1      | Gained mutation: You have a somewhat thin skeletal structure. (Dex +2, Stealth) [demonic ancestry]
   193 | D:1      | Reached XP level 2. HP: 15/22 MP: 2/2
   855 | D:2      | Reached XP level 3. HP: 28/28 MP: 3/3
  1015 | D:2      | Found a shattered altar of Ashenzari.
  1624 | D:3      | HP: 4/28 [orc/trident (6)]
  1624 | D:3      | Slain by an orc

Skill      XL: |  1 |
---------------+----+-----
Axes           | 3 |  3.9
Fighting       | |  2.9
Throwing       | |  1.7
Dodging        | |  2.6

Action                   || total
-------------------------++-------
Melee: War axe           ||    94
 Stab: Sleeping          ||     6
  Eat: Chunk             ||     1
Armor: Leather armour    ||    25
Dodge: Dodged            ||    65

Vault maps used:
D:1:      lemuel_arrival_behind_the_door_small
D:2:      minivault_27, nicolae_ashenzari_panopticon
D:3:      serial_co_window_serial, co_window_paths_a, co_window_paths_a,
          co_window_paths_b, co_window_of_opportunity_a, co_window_paths_a,
          co_window_of_opportunity_a, co_window_paths_a, co_window_cross_4,
          co_window_cross_4, co_window_2corner, co_window_broadway_c,
          co_window_of_opportunity_b, co_window_broadway_a, glass_columns_c,
          glass_columns_b, glass_columns_c

Table legend:
 A = Turns spent in this place as a percentage of turns spent in the entire game.
 B = Non-inter-level travel turns spent in this place as a percentage of non-inter-level travel turns spent in the entire game.
 C = Inter-level travel turns spent in this place as a percentage of turns spent in this place.
 D = Turns resting spent in this place as a percentage of non-inter-level travel turns spent in this place.
 E = Turns spent auto-exploring this place as a percentage of non-inter-level travel turns spent in this place.
 F = Non-inter-level travel turns spent in this place divided by the number of levels of this place that you've seen.
                   A       B       C       D       E      F
               +-------+-------+-------+-------+-------+----------------------
         Total | 100.0 | 100.0 |   3.8 |   7.9 |  78.0 | 521.0
       Dungeon | 100.0 | 100.0 |   3.8 |   7.9 |  78.0 | 521.0
               +-------+-------+-------+-------+-------+----------------------

Table legend:
 A = Kills in this place as a percentage of kills in entire the game.
 B = Kills by you in this place as a percentage of kills by you in the entire game.
 C = Kills by friends in this place as a percentage of kills by friends in the entire game.
 D = Other kills in this place as a percentage of other kills in the entire game.
 E = Experience gained in this place as a percentage of experience gained in the entire game.
 F = Experience gained in this place divided by the number of levels of this place that you have seen.
                   A       B       C       D       E      F
               +-------+-------+-------+-------+-------+----------------------
         Total | 100.0 | 100.0 |   N/A |   N/A | 100.0 |  30.7
       Dungeon | 100.0 | 100.0 |   N/A |   N/A | 100.0 |  30.7
               +-------+-------+-------+-------+-------+----------------------
